Map: Galactic Process LE

Players

SortOf - Winner!

  • Race: Zerg Zerg
  • League: Master

Hades

  • Race: Terran Terran
  • League: Master

VOD

Have the link to the VOD?

Description

Time

  • Played on: Oct. 26, 2016, 7:05 a.m.
  • Length: 13:41
Show
View Real Time Build Order
Export as new Build Order

SortOf Zerg - Winner!

Build Orders: Hatch First 

Get SALT Encoding   

  12  0:01  Drone  
  13  0:13  Overlord  
  13  0:18  Drone  
  14  0:33  Drone x2  
  16  0:37  Drone  
  17  0:52  Unknown, Hatchery  
  17  0:56  Drone  
  17  0:59  Drone  
  18  1:04  Extractor  
  17  1:15  Spawning Pool  
  16  1:19  Drone  
  16  1:24  Drone  
  18  1:29  Drone  
  19  1:39  Overlord  
  19  1:50  Drone  
  20  2:02  Queen  
  20  2:03  Zergling x2  
  20  2:04  Queen, Unknown  
  20  2:06  Zergling x2  
  26  2:09  Metabolic Boost  
  26  2:13  Drone  
  27  2:16  Drone  
  28  2:25  Drone  
  29  2:33  Spore Crawler  
  29  2:34  Drone x2  
  30  2:40  Spore Crawler  
  31  2:44  Pneumatized Carapace  
  31  2:45  Queen  
  31  2:50  Overlord  
  33  2:53  Zergling x2  
  33  2:55  Drone  
  35  3:00  Drone  
  35  3:04  Overlord  
  36  3:13  Drone x5  
  36  3:17  Drone  
  36  3:18  Drone  
  43  3:21  Drone  
  44  3:30  Drone  
  44  3:31  Drone  
  46  3:38  Unknown, Hatchery  
  45  3:42  Lair  
  45  3:46  Overlord  
  45  3:54  Roach Warren  
  44  4:01  Overlord  
  44  4:04  Queen  
  44  4:07  Drone x5  
  44  4:09  Drone  
  52  4:21  Extractor  
  52  4:22  Zergling x2  
  52  4:23  Evolution Chamber  
  51  4:26  Drone x6  
  51  4:27  Drone  
  58  4:32  Extractor  
  58  4:36  Overlord  
  57  4:45  Glial Reconstitution  
  57  4:50  Unknown  
  57  4:51  Roach  
  57  4:52  Roach x3  
  65  4:53  Overlord x3  
  65  5:02  Overlord  
  65  5:04  Roach x2  
  65  5:05  Roach x2  
  73  5:10  Zergling x2  
  74  5:16  Zerg Missile Weapons Level 1, Zergling x8  
  74  5:17  Zergling x2  
  79  5:27  Drone x5  
  84  5:29  Queen  
  85  5:40  Drone x3  
  87  5:44  Queen  
  87  5:46  Overlord, Drone x2  
  89  5:52  Roach x4  
  96  5:59  Roach x3  
  91  6:06  Roach x4  
  89  6:14  Roach  
  89  6:15  Roach  
  89  6:17  Roach x4  
  100  6:18  Zergling x4  
  100  6:20  Roach  
  100  6:22  Roach  
  100  6:23  Zergling x2  
  86  6:40  Queen x3  
  86  6:42  Nydus Network, Zergling x10  
  94  6:49  Overseer  
  92  6:55  Zergling x12  
  92  6:58  Roach x2  
  102  7:12  Overlord  
  102  7:13  Overlord  
  100  7:15  Queen  
  98  7:23  Extractor  
  98  7:24  Nydus Canal  
  98  7:25  Drone  
  98  7:26  Drone x5  
  98  7:28  Extractor  
  98  7:29  Extractor  
  101  7:32  Infestation Pit, Drone x5  
  101  7:33  Hydralisk Den  
  101  7:36  Unknown, Hatchery  
  103  7:43  Zerg Ground Armor Level 1  
  103  7:49  Drone x2  
  105  7:54  Drone x6  
  111  8:06  Muscular Augments  
  111  8:10  Drone  
  111  8:11  Drone x8  
  120  8:24  Overlord x2, Hive  
  120  8:28  Unknown, Hatchery  
  120  8:29  Overlord  
  120  8:30  Overseer  
  119  8:37  Hydralisk  
  119  8:40  Overlord  
  121  8:46  Extractor x2  
  121  8:48  Unknown, Hydralisk x9  
  131  8:56  Hydralisk x2  
  133  9:03  Drone x4  
  137  9:10  Spore Crawler  
  137  9:12  Spore Crawler  
  137  9:16  Drone x6  
  141  9:30  Roach x4  
  149  9:32  Extractor  
  149  9:33  Extractor  
  149  9:36  Spine Crawler, Drone x5  
  149  9:37  Viper x3  
  149  9:38  Zerg Missile Weapons Level 2, Spore Crawler  
  160  9:39  Unknown  
  160  9:40  Drone x2  
  160  9:41  Drone  
  160  9:42  Evolution Chamber  
  162  9:45  Drone x2  
  162  9:46  Drone  
  162  9:52  Zergling x4  
  166  9:55  Overlord  
  166  9:58  Overlord  
  166  10:03  Overlord  
  164  10:09  Overlord  
  164  10:12  Zerg Ground Armor Level 2  
  162  10:16  Viper x3  
  166  10:21  Evolution Chamber  
  166  10:22  Spine Crawler  
  166  10:23  Spore Crawler  
  166  10:25  Evolution Chamber, Hydralisk x5  
  172  10:29  Roach  
  172  10:30  Roach x2  
  172  10:34  Unknown, Hatchery  
  177  10:41  Drone x3  
  180  10:45  Roach  
  180  10:46  Roach x6  
  194  10:50  Spire  
  194  10:54  Nydus Canal  
  194  10:55  Zergling x8  
  183  11:15  Hydralisk x3  
  183  11:16  Hydralisk x5  
  183  11:18  Overlord  
  181  11:44  Drone x2  
  181  11:45  Evolution Chamber  
  181  11:46  Evolution Chamber, Unknown  
  177  11:47  Roach x4, Zergling x2  
  177  11:48  Zergling x2  
  177  11:49  Zergling x8  
  177  11:51  Hydralisk x3  
  177  11:52  Hydralisk  
  177  11:53  Spire  
  180  12:08  Roach x7  
  184  12:20  Hydralisk x9  
  199  12:22  Drone  
  199  12:25  Nydus Canal  
  199  12:38  Spore Crawler x2  
  199  12:43  Spine Crawler  
  177  13:10  Unknown, Hatchery  
  176  13:13  Hydralisk  
  176  13:14  Hydralisk x11  
  183  13:26  Drone x3  
Show
View Real Time Build Order
Export as new Build Order

Hades Terran 

Build Orders: Cyclone Opening, Reaper Expand, Mech 

Get SALT Encoding   

  12  0:00  SCV  
  13  0:13  SCV  
  14  0:17  Supply Depot  
  14  0:25  SCV  
  14  0:28  Refinery  
  15  0:39  SCV  
  16  0:45  Barracks  
  16  0:51  SCV  
  17  1:03  SCV  
  18  1:17  SCV  
  19  1:32  Reaper, Orbital Command  
  20  1:44  Command Center, Unknown  
  20  1:54  Factory  
  20  1:58  SCV  
  21  2:05  Refinery  
  21  2:10  SCV  
  21  2:14  Supply Depot  
  22  2:16  Barracks Tech Lab  
  22  2:22  SCV  
  23  2:41  SCV  
  24  2:50  Barracks Reactor  
  24  2:53  SCV  
  24  2:55  Unknown, Cyclone  
  24  2:56  Orbital Command  
  29  3:04  Factory  
  29  3:11  SCV  
  30  3:22  SCV  
  30  3:23  SCV  
  32  3:27  Cyclone  
  36  3:34  SCV  
  36  3:37  SCV  
  38  3:41  Factory  
  38  3:45  Supply Depot  
  38  3:46  SCV  
  39  3:49  SCV  
  40  3:58  SCV, Supply Depot  
  41  4:06  SCV  
  41  4:08  Cyclone  
  41  4:09  Hellion x2  
  50  4:10  Refinery  
  50  4:12  SCV  
  50  4:14  Supply Depot  
  51  4:18  SCV  
  51  4:19  Mag-Field Accelerator  
  51  4:24  SCV, Supply Depot  
  53  4:30  SCV, Factory Tech Lab  
  54  4:36  SCV  
  55  4:40  Supply Depot  
  55  4:41  Hellion x2  
  55  4:43  SCV  
  55  4:45  Cyclone  
  64  4:48  SCV  
  65  4:54  Cyclone  
  65  4:56  SCV  
  70  5:03  SCV  
  71  5:08  SCV, Hellion x2  
  71  5:10  Infernal Pre-Igniter  
  76  5:16  SCV  
  76  5:20  SCV  
  78  5:28  SCV  
  79  5:29  Supply Depot, Armory  
  79  5:31  Hellion x2  
  83  5:40  SCV  
  83  5:42  SCV  
  85  5:50  Cyclone  
  85  5:55  Command Center, Unknown, Hellion  
  83  6:05  SCV  
  83  6:07  SCV  
  75  6:17  SCV  
  73  6:18  Cyclone  
  73  6:19  SCV  
  72  6:29  SCV  
  72  6:31  SCV  
  74  6:34  Cyclone  
  74  6:41  SCV  
  74  6:44  SCV  
  72  6:53  SCV, Hellion, Cyclone  
  79  6:56  SCV  
  79  7:00  Terran Vehicle Weapons Level 1  
  76  7:05  SCV  
  76  7:06  Unknown  
  76  7:08  SCV  
  78  7:09  Orbital Command  
  78  7:13  Refinery  
  78  7:17  SCV  
  78  7:20  SCV  
  80  7:28  Starport  
  80  7:29  Starport  
  81  7:30  SCV  
  81  7:32  SCV  
  81  7:36  SCV  
  83  7:39  Refinery x2  
  83  7:40  Command Center, Unknown  
  83  7:41  Hellion  
  83  7:42  SCV  
  83  7:43  Hellion  
  88  7:45  SCV  
  88  7:48  SCV  
  90  7:53  Unknown  
  90  7:56  Siege Tank  
  90  7:57  Siege Tank  
  96  7:58  SCV  
  96  7:59  SCV  
  96  8:02  Barracks  
  96  8:03  SCV  
  99  8:07  Starport Tech Lab  
  99  8:08  Starport Reactor  
  99  8:10  SCV, Hellion  
  99  8:11  SCV, Hellion  
  105  8:13  Supply Depot  
  105  8:15  SCV  
  106  8:23  SCV  
  106  8:24  SCV  
  108  8:27  SCV  
  108  8:29  Starport  
  109  8:38  SCV  
  110  8:41  Siege Tank x2  
  110  8:44  Liberator  
  116  8:51  Unknown  
  116  8:52  Hellion x2  
  116  8:54  SCV  
  117  8:59  SCV  
  117  9:00  Medivac  
  117  9:01  Medivac  
  109  9:04  Fusion Core  
  109  9:05  Terran Vehicle Weapons Level 2  
  109  9:08  SCV  
  110  9:10  Command Center, Unknown  
  110  9:15  Siege Tank  
  110  9:16  Hellion  
  115  9:17  SCV  
  115  9:19  Hellion x2  
  115  9:21  Starport Tech Lab  
  115  9:23  Viking  
  122  9:29  SCV  
  123  9:32  Medivac x2  
  123  9:36  SCV  
  128  9:39  Refinery  
  128  9:42  Supply Depot, Barracks Reactor  
  128  9:43  Supply Depot, Hellion x2, Refinery  
  132  9:45  Supply Depot  
  132  9:49  Unknown x2  
  132  10:04  SCV, Siege Tank  
  132  10:07  Liberator x3  
  136  10:13  Hellion, Siege Tank  
  136  10:14  SCV  
  135  10:17  SCV x2  
  137  10:21  Unknown  
  137  10:25  Advanced Ballistics  
  137  10:26  SCV  
  137  10:27  Hellion  
  149  10:29  SCV x2  
  149  10:33  Supply Depot x2  
  149  10:34  Hellion, Orbital Command  
  153  10:36  Hellion  
  153  10:40  Supply Depot  
  153  10:42  Engineering Bay  
  155  10:47  Medivac  
  155  10:48  Siege Tank  
  154  11:06  Medivac  
  148  11:14  Viking x2, Hellion, Siege Tank  
  148  11:16  Planetary Fortress  
  155  11:22  Refinery  
  155  11:24  Hellion, Siege Tank  
  158  11:32  SCV  
  156  11:34  SCV  
  156  11:35  Viking  
  156  11:36  Viking  
  156  11:45  Viking x2  
  152  11:50  Missile Turret, Hellion, Siege Tank  
  157  11:59  Hellion x2  
  156  12:08  Viking  
  156  12:11  Hellion  
  156  12:14  Viking  
  158  12:20  Siege Tank  
  153  12:24  Hellion, Siege Tank  
  153  12:26  Viking  
  158  12:33  Hellion  
  160  12:39  Orbital Command  
  160  12:44  Factory  
  160  12:46  Factory  
  158  12:52  SCV, Barracks  
  158  12:53  Ghost Academy  
  158  12:54  Barracks  
  139  13:11  Hellion  
  119  13:20  Hellion  
Tags
 
Add a new tag
Caveats
  • Supply blocks, unpowered buildings, or Contaminate may cause inaccurate times.
  • Supply counts are checked every 10 seconds.